Wolfes vs River Frogs
Created - March 5, 2021 at 20:29
Goals
|
| Wolfes |
2 |
1 |
3 |
6 |
| River Frogs |
0 |
0 |
1 |
1 |
|
Shots
|
| Wolfes |
9 |
6 |
8 |
23 |
| River Frogs |
9 |
9 |
13 |
31 |
|
1st period
1. Wolfes , Victor Olofsson 4 (Damon Severson 32, Kyle Rau 28) at 3:27
2. Wolfes , Lawson Crouse 21 (Thomas Spelling 9) at 6:59 (SH)
Penalties :
Martin Hanzal (RIM) for Holding (Minor) at 5:12, Joakim Nordstrom (Lou) for Hooking (Minor) at 8:11
2nd period
3. Wolfes , Lawson Crouse 22 (Alexandre Grenier 43, Michael Stone 20) at 5:29
Penalties :
No Penalty
3rd period
4. Wolfes , Kyle Rau 27 (Alexandre Grenier 44, Sebastian Aho 45) at 3:24
5. River Frogs , Ryan Fitzgerald 5 (Morgan Rielly 8, Austin Watson 8) at 6:45
6. Wolfes , Max Friberg 38 (Martin Hanzal 42) at 14:55
7. Wolfes , Sebastian Aho 20 (Alexandre Grenier 45, Jeffrey Foss 26) at 16:05
Penalties :
Shea Theodore (Lou) for Slashing (Minor) at 16:52
Goalie Stats
Laurent Brossoit (RIM), 30 saves from 31 shots - (0.968), W, 25-13-3, 60:00 minutes
Thomas Greiss (Lou), 12 saves from 16 shots - (0.750), L, 17-16-1, 43:24 minutes
Eric Comrie (Lou), 5 saves from 7 shots - (0.714), 16:36 minutes
Players Stats for Wolfes
Player Name G A P +/- PIM S H SB GA TA FO MP PP MP PK MP
------------------------------------------------------------------------------------
Alexandre Grenier 0 3 3 2 0 0 1 0 0 0 2/4 16:19 0:00 1:04
Damon Severson 0 1 1 2 0 0 1 2 0 1 0/0 21:23 2:12 0:51
Eric Robinson 0 0 0 2 0 0 0 0 0 0 0/0 14:40 0:00 0:00
Fredrik Olofsson 0 0 0 1 0 0 2 1 0 0 0/0 17:54 1:47 0:00
Jakub Zboril 0 0 0 -1 0 0 0 2 0 0 0/0 16:12 0:00 0:00
Jeffrey Foss 0 1 1 4 0 0 3 3 0 1 0/0 22:25 1:46 1:08
Joe Morrow 0 0 0 0 0 3 0 1 1 1 0/0 19:43 1:46 1:08
Kyle Rau 1 1 2 2 0 5 2 1 0 0 5/7 17:10 1:57 0:37
Lawson Crouse 2 0 2 2 0 4 4 1 0 0 0/1 22:33 1:58 0:15
Louis Belpedio 0 0 0 2 0 0 0 0 0 0 0/0 17:40 0:00 0:00
Martin Hanzal 0 1 1 1 2 1 1 0 1 0 10/15 16:13 0:00 0:00
Matthew Highmore 0 0 0 -1 0 1 0 0 0 0 0/3 9:15 0:13 0:00
Max Friberg 1 0 1 1 0 4 0 1 0 1 1/1 18:47 2:01 0:37
Michael Stone 0 1 1 3 0 1 0 2 0 1 0/0 22:37 2:12 0:51
Nolan Vesey 0 0 0 0 0 0 0 0 0 0 0/0 0:41 0:00 0:00
Sebastian Aho 1 1 2 2 0 1 2 0 1 1 7/19 18:21 2:01 1:04
Thomas Spelling 0 1 1 0 0 1 1 0 0 0 0/0 11:36 1:57 0:21
Victor Olofsson 1 0 1 2 0 2 0 0 0 0 0/0 14:31 0:00 0:00
Players Stats for River Frogs
Player Name G A P +/- PIM S H SB GA TA FO MP PP MP PK MP
------------------------------------------------------------------------------------
Andrew Gordon 0 0 0 -3 0 1 0 0 0 0 0/0 20:10 1:08 0:48
Austin Watson 0 1 1 1 0 3 2 0 0 0 0/0 13:14 0:00 0:33
Beau Starrett 0 0 0 0 0 0 0 0 0 0 0/0 1:12 0:00 1:12
Bobby Farnham 0 0 0 1 0 1 2 0 0 0 0/0 12:41 0:00 0:00
Cameron Hughes 0 0 0 0 0 0 0 0 0 0 0/0 0:00 0:00 0:00
Christian Hanson 0 0 0 -3 0 1 1 1 0 0 15/23 20:32 1:08 2:04
David Kolomatis 0 0 0 -1 0 0 0 3 1 0 0/0 21:55 1:09 1:48
Dillon Heatherington 0 0 0 -2 0 0 0 1 0 1 0/0 13:35 0:00 0:00
Dominik Simon 0 0 0 -3 0 2 1 0 0 0 6/12 15:40 0:51 0:08
Emerson Etem 0 0 0 -3 0 4 2 0 1 0 1/5 20:32 1:08 2:04
Francis Perron 0 0 0 0 0 0 0 0 0 0 0/0 0:00 0:00 0:00
Joakim Nordstrom 0 0 0 0 2 3 1 0 0 0 0/0 9:59 0:00 0:19
Justin Florek 0 0 0 -3 0 2 2 0 1 0 1/1 16:06 0:51 0:48
Matt Grzelcyk 0 0 0 -2 0 0 0 0 0 2 0/0 15:14 0:00 1:07
Maxim Mamin 0 0 0 0 0 1 0 0 0 0 0/1 9:21 0:00 0:00
Mitch Marner 0 0 0 0 0 5 1 0 1 0 0/0 9:21 0:00 0:00
Morgan Rielly 0 1 1 -1 0 0 4 0 0 0 0/0 20:44 1:09 1:48
Nikita Zadorov 0 0 0 -2 0 0 1 0 0 0 0/0 24:28 0:50 2:10
Ondrej Kase 0 0 0 -3 0 1 1 0 1 0 0/1 15:18 0:51 0:00
Richard Nejezchleb 0 0 0 0 0 0 0 0 0 0 0/0 0:17 0:00 0:00
Ryan Fitzgerald 1 0 1 1 0 3 0 0 0 0 2/7 12:41 0:00 0:00
Shea Theodore 0 0 0 -2 2 4 0 3 1 0 0/0 23:00 0:50 1:03
3 Stars
1 - Lawson Crouse (RIM)
2 - Kyle Rau (RIM)
3 - Sebastian Aho (RIM)
Power Play
Wolfes - 0 on 2 Attempt(s) - 0.00%
River Frogs - 0 on 1 Attempt(s) - 0.00%
Penalty Kill
Wolfes - 1 on 1 Attempt(s) - 100.00%
- Score 1 goal in Penalty Kill
River Frogs - 2 on 2 Attempt(s) - 100.00%
- Score 0 goal in Penalty Kill
Team Stat
Wolfes - Hits : 17 - Faceoff Wins : 25 - Blocked Shots : 14 - Penalty Minutes : 2
River Frogs - Hits : 18 - Faceoff Wins : 25 - Blocked Shots : 8 - Penalty Minutes : 4
Official
Referees : Unknown
Linesman : Unknown
Game Notes
Eric Comrie enters game at 3:24 of 3rd period
Finance
Level 1 -- Attendance: 1393 (69.65%) -- Ticket Income $55,720
Level 2 -- Attendance: 677 (67.70%) -- Ticket Income $13,540
Total Attendance: 2070 (69.00%)
Total Ticket Income: $69,260
Other Income: $3,463
Total Income: $72,723
Wolfes
5 vs 5 Forward
Center Left Wing Right Wing Time % Phy DF OF
1 Sebastian Aho Lawson Crouse Alexandre Grenier 33 1 2 2
2 Martin Hanzal Fredrik Olofsson Max Friberg 26 1 2 2
3 Kyle Rau Eric Robinson Victor Olofsson 22 1 2 2
4 Matthew Highmore Lawson Crouse Thomas Spelling 19 1 2 2
5 vs 5 Defense
Defense Defense Time % Phy DF OF
1 Jeffrey Foss Michael Stone 36 1 2 2
2 Louis Belpedio Damon Severson 34 1 2 2
3 Joe Morrow Jakub Zboril 30 1 2 2
4 Damon Severson Michael Stone 0 1 2 2
PowerPlay Forward
Center Left Wing Right Wing Time % Phy DF OF
1 Sebastian Aho Lawson Crouse Max Friberg 50 1 2 2
2 Kyle Rau Fredrik Olofsson Thomas Spelling 50 1 2 2
PowerPlay Defense
Defense Defense Time % Phy DF OF
1 Michael Stone Damon Severson 60 1 2 2
2 Jeffrey Foss Joe Morrow 40 1 2 2
Penalty Kill 4 Players Forward
Center Wing Time % Phy DF OF
1 Alexandre Grenier Sebastian Aho 60 1 2 2
2 Kyle Rau Max Friberg 40 1 2 2
Penalty Kill 4 Players Defense
Defense Defense Time % Phy DF OF
1 Jeffrey Foss Joe Morrow 60 1 2 2
2 Damon Severson Michael Stone 40 1 2 2
Penalty Kill - 3 Players Forward
Forward Time % Phy DF OF
1 Alexandre Grenier 60 1 2 2
2 Martin Hanzal 40 1 2 2
Penalty Kill - 3 Players Defense
Defense Defense Time % Phy DF OF
1 Jeffrey Foss Damon Severson 60 1 2 2
2 Joe Morrow Jakub Zboril 40 1 2 2
4 vs 4 Forward
Center Wing Time % Phy DF OF
1 Martin Hanzal Victor Olofsson 60 1 2 2
2 Kyle Rau Max Friberg 40 1 2 2
4 vs 4 Defense
Defense Defense Time % Phy DF OF
1 Jeffrey Foss Michael Stone 60 1 2 2
2 Damon Severson Jakub Zboril 40 1 2 2
Last Minutes Offensive
Center Left Wing Right Wing Defense Defense
Sebastian Aho Fredrik Olofsson Max Friberg Joe Morrow Damon Severson
Last Minutes Defensive
Center Left Wing Right Wing Defense Defense
Martin Hanzal Lawson Crouse Alexandre Grenier Michael Stone Jeffrey Foss
Goaltenders
Starting : Laurent Brossoit
Backup : Ebbe Siönäs
Extra Forwards
Normal : Thomas Spelling, Eric Robinson, Matthew Highmore - PP : Matthew Highmore, Eric Robinson - PK : Thomas Spelling
Extra Defensemen
Normal : Jakub Zboril, Louis Belpedio, Joe Morrow - PP : Jakub Zboril - PK : Louis Belpedio, Jakub Zboril
Penalty Shots
Sebastian Aho, Martin Hanzal, Damon Severson, Alexandre Grenier, Max Friberg
Scratches
Blake Pietila (Left Knee Injury), Kevin Stenlund (Healthy), Zachary Senyshyn (Healthy), Austin Wuthrich (Healthy), Anton Lindholm (Healthy)
Cameron Darcy (Healthy), Vaclav Karabacek (Healthy), Kyle Pettit (Healthy), Dylan Sadowy (Healthy), Anton Karlsson (Healthy)
River Frogs
5 vs 5 Forward
Center Left Wing Right Wing Time % Phy DF OF
1 Christian Hanson Emerson Etem Andrew Gordon 40 1 2 2
2 Dominik Simon Justin Florek Ondrej Kase 30 1 2 2
3 Ryan Fitzgerald Austin Watson Bobby Farnham 20 1 2 2
4 Maxim Mamin Joakim Nordstrom Mitch Marner 10 1 2 2
5 vs 5 Defense
Defense Defense Time % Phy DF OF
1 Nikita Zadorov Shea Theodore 40 1 2 2
2 Morgan Rielly David Kolomatis 30 1 2 2
3 Dillon Heatherington Matt Grzelcyk 20 1 2 2
4 Nikita Zadorov Shea Theodore 10 1 2 2
PowerPlay Forward
Center Left Wing Right Wing Time % Phy DF OF
1 Christian Hanson Emerson Etem Andrew Gordon 60 1 2 2
2 Dominik Simon Justin Florek Ondrej Kase 40 1 2 2
PowerPlay Defense
Defense Defense Time % Phy DF OF
1 Nikita Zadorov Shea Theodore 60 1 2 2
2 Morgan Rielly David Kolomatis 40 1 2 2
Penalty Kill 4 Players Forward
Center Wing Time % Phy DF OF
1 Emerson Etem Christian Hanson 60 1 2 2
2 Andrew Gordon Justin Florek 40 1 2 2
Penalty Kill 4 Players Defense
Defense Defense Time % Phy DF OF
1 Nikita Zadorov Shea Theodore 60 1 2 2
2 Morgan Rielly David Kolomatis 40 1 2 2
Penalty Kill - 3 Players Forward
Forward Time % Phy DF OF
1 Emerson Etem 60 1 2 2
2 Christian Hanson 40 1 2 2
Penalty Kill - 3 Players Defense
Defense Defense Time % Phy DF OF
1 Nikita Zadorov Shea Theodore 60 1 2 2
2 Morgan Rielly David Kolomatis 40 1 2 2
4 vs 4 Forward
Center Wing Time % Phy DF OF
1 Emerson Etem Christian Hanson 60 1 2 2
2 Andrew Gordon Justin Florek 40 1 2 2
4 vs 4 Defense
Defense Defense Time % Phy DF OF
1 Nikita Zadorov Shea Theodore 60 1 2 2
2 Morgan Rielly David Kolomatis 40 1 2 2
Last Minutes Offensive
Center Left Wing Right Wing Defense Defense
Christian Hanson Emerson Etem Andrew Gordon Nikita Zadorov Shea Theodore
Last Minutes Defensive
Center Left Wing Right Wing Defense Defense
Christian Hanson Emerson Etem Andrew Gordon Nikita Zadorov Shea Theodore
Goaltenders
Starting : Thomas Greiss
Backup : Eric Comrie
Extra Forwards
Normal : Richard Nejezchleb, Francis Perron, Beau Starrett - PP : Richard Nejezchleb, Francis Perron - PK : Beau Starrett
Extra Defensemen
Normal : Dillon Heatherington, Matt Grzelcyk, Morgan Rielly - PP : Dillon Heatherington - PK : Matt Grzelcyk, Morgan Rielly
Penalty Shots
Emerson Etem, Christian Hanson, Andrew Gordon, Justin Florek, Dominik Simon
Scratches
Jared Knight (Healthy), Matt Calvert (Healthy), Aaron Ness (Healthy), Phoenix Copley (Healthy)
% Time on Ice - Wolfes
Lines # - Real PCT - Wanted PCT - Time Play
Normal Forward
1 - 28% - 33% - 15:16
2 - 30% - 26% - 16:13
3 - 27% - 22% - 14:31
4 - 15% - 19% - 8:03
Normal Defense
1 - 35% - 36% - 19:00
2 - 34% - 34% - 18:11
3 - 30% - 30% - 16:12
4 - 1% - 0% - 0:40
PP Forward
1 - 51% - 50% - 2:01
2 - 49% - 50% - 1:57
PP Defense
1 - 55% - 60% - 2:12
2 - 45% - 40% - 1:46
PK Forward
1 - 69% - 60% - 1:22
2 - 31% - 40% - 0:37
PK Defense
1 - 57% - 60% - 1:08
2 - 43% - 40% - 0:51
PK3 Forward
1 - 0% - 60%
2 - 0% - 40%
PK3 Defense
1 - 0% - 60%
2 - 0% - 40%
44 Forward
1 - 0% - 60%
2 - 0% - 40%
44 Defense
1 - 0% - 60%
2 - 0% - 40%
Last Minute Offensive - 0:00
Last Minute Defensive - 0:00
Total
Forward - 60:00
Defense - 60:00
|
% Time on Ice - River Frogs
Lines # - Real PCT - Wanted PCT - Time Play
Normal Forward
1 - 33% - 40% - 17:34
2 - 27% - 30% - 14:27
3 - 23% - 20% - 12:41
4 - 17% - 10% - 9:21
Normal Defense
1 - 36% - 40% - 19:35
2 - 35% - 30% - 19:06
3 - 25% - 20% - 13:29
4 - 3% - 10% - 1:53
PP Forward
1 - 57% - 60% - 1:08
2 - 43% - 40% - 0:51
PP Defense
1 - 42% - 60% - 0:50
2 - 58% - 40% - 1:09
PK Forward
1 - 80% - 60% - 3:10
2 - 20% - 40% - 0:48
PK Defense
1 - 55% - 60% - 2:10
2 - 45% - 40% - 1:48
PK3 Forward
1 - 0% - 60%
2 - 0% - 40%
PK3 Defense
1 - 0% - 60%
2 - 0% - 40%
44 Forward
1 - 0% - 60%
2 - 0% - 40%
44 Defense
1 - 0% - 60%
2 - 0% - 40%
Last Minute Offensive - 0:00
Last Minute Defensive - 0:00
Total
Forward - 60:00
Defense - 60:00
|
Play-by-Play
1st period
0:01 of 1st period - Christian Hanson wins face-off versus Sebastian Aho in neutral zone.
0:28 of 1st period - Wrist shot by Dominik Simon.
0:28 of 1st period - Shot Hit the Post.
0:30 of 1st period - Snap shot by Dominik Simon.
0:30 of 1st period - Stopped by Laurent Brossoit without a rebound.
0:31 of 1st period - Martin Hanzal wins face-off versus Ryan Fitzgerald in Wolfes zone.
1:22 of 1st period - Lawson Crouse is hit by Morgan Rielly.
1:28 of 1st period - Snap shot by Thomas Spelling.
1:28 of 1st period - Stopped by Thomas Greiss without a rebound.
1:29 of 1st period - Sebastian Aho wins face-off versus Christian Hanson in River Frogs zone.
1:38 of 1st period - Backhand shot by Alexandre Grenier.
1:38 of 1st period - Shot Misses the Net.
2:01 of 1st period - Wrist shot by Kyle Rau.
2:01 of 1st period - Shot Misses the Net.
2:03 of 1st period - Slapshot by Victor Olofsson.
2:03 of 1st period - Stopped by Thomas Greiss without a rebound.
2:04 of 1st period - Ryan Fitzgerald wins face-off versus Martin Hanzal in River Frogs zone.
3:25 of 1st period - Snap shot by Damon Severson.
3:25 of 1st period - Shot Misses the Net.
3:27 of 1st period - Wrist shot by Victor Olofsson.
3:27 of 1st period - Goal by Victor Olofsson - Wolfes : 1 - River Frogs : 0.
3:28 of 1st period - Martin Hanzal wins face-off versus Christian Hanson in neutral zone.
3:30 of 1st period - Off-side.
3:31 of 1st period - Christian Hanson wins face-off versus Martin Hanzal in neutral zone.
3:59 of 1st period - Snap shot by Christian Hanson.
3:59 of 1st period - Shot Misses the Net.
4:07 of 1st period - Snap shot by Justin Florek.
4:07 of 1st period - Shot Misses the Net.
5:12 of 1st period - Minor Penalty to Martin Hanzal for Holding.
5:13 of 1st period - Christian Hanson wins face-off versus Alexandre Grenier in Wolfes zone.
5:17 of 1st period - Wrist shot by Emerson Etem.
5:17 of 1st period - Deflect By Andrew Gordon.
5:17 of 1st period - Stopped by Laurent Brossoit with a rebound.
5:47 of 1st period - Jeffrey Foss is hit by Justin Florek.
6:53 of 1st period - Wrist shot by Thomas Spelling.
6:53 of 1st period - Shot Blocked by David Kolomatis.
6:59 of 1st period - Snap shot by Lawson Crouse.
6:59 of 1st period - Goal by Lawson Crouse - Wolfes : 2 - River Frogs : 0.
7:00 of 1st period - Christian Hanson wins face-off versus Alexandre Grenier in neutral zone.
7:12 of 1st period - Penalty to Martin Hanzal is over, Martin Hanzal is back on ice.
7:23 of 1st period - Kyle Rau is hit by Ondrej Kase and loses puck.
8:11 of 1st period - Minor Penalty to Joakim Nordstrom for Hooking.
8:12 of 1st period - Sebastian Aho wins face-off versus Emerson Etem in River Frogs zone.
8:19 of 1st period - Snap shot by Sebastian Aho.
8:19 of 1st period - Shot Blocked by Christian Hanson.
8:21 of 1st period - Wrist shot by Sebastian Aho.
8:21 of 1st period - Shot Misses the Net.
8:23 of 1st period - Slapshot by Michael Stone.
8:23 of 1st period - Shot Blocked by Shea Theodore.
8:25 of 1st period - Slapshot by Michael Stone.
8:25 of 1st period - Shot Misses the Net.
10:08 of 1st period - Icing by Jeffrey Foss.
10:09 of 1st period - Kyle Rau wins face-off versus Emerson Etem in Wolfes zone.
10:11 of 1st period - Penalty to Joakim Nordstrom is over, Joakim Nordstrom is back on ice.
10:56 of 1st period - Alexandre Grenier is hit by Joakim Nordstrom and loses puck.
11:09 of 1st period - Wrist shot by Christian Hanson.
11:09 of 1st period - Shot Blocked by Damon Severson.
11:27 of 1st period - Kyle Rau is hit by Bobby Farnham and loses puck.
12:08 of 1st period - Wrist shot by Mitch Marner.
12:08 of 1st period - Stopped by Laurent Brossoit with a rebound.
12:20 of 1st period - Sebastian Aho is hit by Bobby Farnham and loses puck.
12:27 of 1st period - Slapshot by Bobby Farnham.
12:27 of 1st period - Shot Misses the Net.
12:40 of 1st period - Off-side.
12:41 of 1st period - Martin Hanzal wins face-off versus Christian Hanson in neutral zone.
12:47 of 1st period - Snap shot by Max Friberg.
12:47 of 1st period - Shot Misses the Net.
12:49 of 1st period - Slapshot by Damon Severson.
12:49 of 1st period - Shot Misses the Net.
13:12 of 1st period - Slapshot by Morgan Rielly.
13:12 of 1st period - Shot Misses the Net.
13:14 of 1st period - Snap shot by Christian Hanson.
13:14 of 1st period - Shot Misses the Net.
13:28 of 1st period - Wrist shot by Christian Hanson.
13:28 of 1st period - Stopped by Laurent Brossoit with a rebound.
13:30 of 1st period - Wrist shot by Dillon Heatherington.
13:30 of 1st period - Deflect By Emerson Etem.
13:30 of 1st period - Stopped by Laurent Brossoit without a rebound.
13:31 of 1st period - Dominik Simon wins face-off versus Sebastian Aho in Wolfes zone.
13:36 of 1st period - Snap shot by Justin Florek.
13:36 of 1st period - Stopped by Laurent Brossoit without a rebound.
13:37 of 1st period - Sebastian Aho wins face-off versus Dominik Simon in Wolfes zone.
13:37 of 1st period - Sebastian Aho is hit by Justin Florek.
13:45 of 1st period - Wrist shot by Lawson Crouse.
13:45 of 1st period - Stopped by Thomas Greiss without a rebound.
13:46 of 1st period - Alexandre Grenier wins face-off versus Dominik Simon in River Frogs zone.
13:59 of 1st period - Justin Florek is hit by Jeffrey Foss and loses puck.
14:39 of 1st period - Slapshot by Shea Theodore.
14:39 of 1st period - Stopped by Laurent Brossoit without a rebound.
14:40 of 1st period - Christian Hanson wins face-off versus Sebastian Aho in Wolfes zone.
14:45 of 1st period - Snap shot by Emerson Etem.
14:45 of 1st period - Shot Hit the Post.
15:05 of 1st period - Morgan Rielly is hit by Jeffrey Foss and loses puck.
15:10 of 1st period - Slapshot by Kyle Rau.
15:10 of 1st period - Stopped by Thomas Greiss with a rebound.
15:12 of 1st period - Wrist shot by Joe Morrow.
15:12 of 1st period - Stopped by Thomas Greiss with a rebound.
15:14 of 1st period - Snap shot by Kyle Rau.
15:14 of 1st period - Shot Misses the Net.
15:38 of 1st period - Wrist shot by Austin Watson.
15:38 of 1st period - Shot Blocked by Fredrik Olofsson.
15:50 of 1st period - Snap shot by Lawson Crouse.
15:50 of 1st period - Shot Misses the Net.
15:52 of 1st period - Wrist shot by Matthew Highmore.
15:52 of 1st period - Stopped by Thomas Greiss without a rebound.
15:53 of 1st period - Christian Hanson wins face-off versus Matthew Highmore in River Frogs zone.
15:53 of 1st period - Christian Hanson is hit by Jeffrey Foss.
16:21 of 1st period - Snap shot by Justin Florek.
16:21 of 1st period - Shot Misses the Net.
16:23 of 1st period - Snap shot by Ondrej Kase.
16:23 of 1st period - Shot Misses the Net.
17:54 of 1st period - Snap shot by Victor Olofsson.
17:54 of 1st period - Shot Misses the Net.
17:56 of 1st period - Wrist shot by Victor Olofsson.
17:56 of 1st period - Shot Blocked by David Kolomatis.
17:58 of 1st period - Snap shot by Kyle Rau.
17:58 of 1st period - Stopped by Thomas Greiss without a rebound.
17:59 of 1st period - Ryan Fitzgerald wins face-off versus Sebastian Aho in River Frogs zone.
18:22 of 1st period - Shea Theodore is hit by Kyle Rau and loses puck.
18:49 of 1st period - Wrist shot by Justin Florek.
18:49 of 1st period - Stopped by Laurent Brossoit without a rebound.
18:50 of 1st period - Dominik Simon wins face-off versus Martin Hanzal in Wolfes zone.
18:53 of 1st period - Wrist shot by Dominik Simon.
18:53 of 1st period - Shot Misses the Net.
19:01 of 1st period - Snap shot by Dominik Simon.
19:01 of 1st period - Shot Blocked by Max Friberg.
19:03 of 1st period - Snap shot by David Kolomatis.
19:03 of 1st period - Shot Misses the Net.
19:05 of 1st period - Slapshot by Justin Florek.
19:05 of 1st period - Shot Misses the Net.
19:15 of 1st period - Snap shot by Ryan Fitzgerald.
19:15 of 1st period - Shot Misses the Net.
19:23 of 1st period - Snap shot by Austin Watson.
19:23 of 1st period - Stopped by Laurent Brossoit with a rebound.
19:25 of 1st period - Snap shot by Austin Watson.
19:25 of 1st period - Shot Blocked by Michael Stone.
19:27 of 1st period - Snap shot by Austin Watson.
19:27 of 1st period - Shot Misses the Net.
Goals for this period are 2 for Wolfes vs 0 for River Frogs.
Shots for this period are 9 for Wolfes vs 9 for River Frogs.
2nd period
0:01 of 2nd period - Christian Hanson wins face-off versus Sebastian Aho in neutral zone.
0:36 of 2nd period - Wrist shot by Martin Hanzal.
0:36 of 2nd period - Deflect By Fredrik Olofsson.
0:36 of 2nd period - Shot Misses the Net.
0:36 of 2nd period - Puck is out of play.
0:37 of 2nd period - Sebastian Aho wins face-off versus Dominik Simon in River Frogs zone.
0:38 of 2nd period - Wrist shot by Alexandre Grenier.
0:38 of 2nd period - Shot Misses the Net.
1:13 of 2nd period - Wrist shot by Ryan Fitzgerald.
1:13 of 2nd period - Stopped by Laurent Brossoit with a rebound.
1:23 of 2nd period - Slapshot by Joe Morrow.
1:23 of 2nd period - Stopped by Thomas Greiss with a rebound.
2:03 of 2nd period - Snap shot by Eric Robinson.
2:03 of 2nd period - Shot Blocked by Dillon Heatherington.
2:27 of 2nd period - Wrist shot by Max Friberg.
2:27 of 2nd period - Stopped by Thomas Greiss with a rebound.
2:29 of 2nd period - Wrist shot by Max Friberg.
2:29 of 2nd period - Stopped by Thomas Greiss with a rebound.
2:49 of 2nd period - Wrist shot by Mitch Marner.
2:49 of 2nd period - Shot Misses the Net.
2:51 of 2nd period - Snap shot by Joakim Nordstrom.
2:51 of 2nd period - Deflect By Lawson Crouse.
2:51 of 2nd period - Stopped by Laurent Brossoit without a rebound.
2:52 of 2nd period - Christian Hanson wins face-off versus Matthew Highmore in Wolfes zone.
3:40 of 2nd period - Snap shot by Ryan Fitzgerald.
3:40 of 2nd period - Deflect By Bobby Farnham.
3:40 of 2nd period - Stopped by Laurent Brossoit with a rebound.
3:42 of 2nd period - Wrist shot by Austin Watson.
3:42 of 2nd period - Stopped by Laurent Brossoit with a rebound.
3:44 of 2nd period - Slapshot by Shea Theodore.
3:44 of 2nd period - Shot Blocked by Kyle Rau.
3:46 of 2nd period - Slapshot by Shea Theodore.
3:46 of 2nd period - Stopped by Laurent Brossoit without a rebound.
3:47 of 2nd period - Alexandre Grenier wins face-off versus Christian Hanson in Wolfes zone.
3:52 of 2nd period - Backhand shot by Michael Stone.
3:52 of 2nd period - Stopped by Thomas Greiss with a rebound.
3:54 of 2nd period - Slapshot by Jeffrey Foss.
3:54 of 2nd period - Deflect By Lawson Crouse.
3:54 of 2nd period - Stopped by Thomas Greiss without a rebound.
3:55 of 2nd period - Sebastian Aho wins face-off versus Christian Hanson in River Frogs zone.
4:26 of 2nd period - Snap shot by Emerson Etem.
4:26 of 2nd period - Stopped by Laurent Brossoit with a rebound.
5:03 of 2nd period - Andrew Gordon is hit by Sebastian Aho and loses puck.
5:10 of 2nd period - Snap shot by Sebastian Aho.
5:10 of 2nd period - Shot Blocked by David Kolomatis.
5:20 of 2nd period - Morgan Rielly is hit by Alexandre Grenier and loses puck.
5:27 of 2nd period - Wrist shot by Alexandre Grenier.
5:27 of 2nd period - Shot Misses the Net.
5:29 of 2nd period - Wrist shot by Lawson Crouse.
5:29 of 2nd period - Goal by Lawson Crouse - Wolfes : 3 - River Frogs : 0.
5:30 of 2nd period - Justin Florek wins face-off versus Kyle Rau in neutral zone.
5:46 of 2nd period - Wrist shot by Justin Florek.
5:46 of 2nd period - Deflect By Dominik Simon.
5:46 of 2nd period - Stopped by Laurent Brossoit with a rebound.
6:28 of 2nd period - Backhand shot by Shea Theodore.
6:28 of 2nd period - Shot Blocked by Joe Morrow.
6:40 of 2nd period - Justin Florek is hit by Fredrik Olofsson and loses puck.
8:27 of 2nd period - Joe Morrow is hit by Emerson Etem and loses puck.
12:18 of 2nd period - Max Friberg is hit by Nikita Zadorov and loses puck.
12:39 of 2nd period - Slapshot by Emerson Etem.
12:39 of 2nd period - Stopped by Laurent Brossoit without a rebound.
12:40 of 2nd period - Dominik Simon wins face-off versus Kyle Rau in Wolfes zone.
13:15 of 2nd period - Wrist shot by Victor Olofsson.
13:15 of 2nd period - Shot Misses the Net.
13:21 of 2nd period - Wrist shot by Kyle Rau.
13:21 of 2nd period - Shot Misses the Net.
13:45 of 2nd period - Alexandre Grenier is hit by Christian Hanson and loses puck.
14:34 of 2nd period - Snap shot by Mitch Marner.
14:34 of 2nd period - Shot Blocked by Jeffrey Foss.
16:50 of 2nd period - Snap shot by Mitch Marner.
16:50 of 2nd period - Shot Misses the Net.
17:06 of 2nd period - Alexandre Grenier is hit by Austin Watson and loses puck.
17:50 of 2nd period - Thomas Spelling is hit by Morgan Rielly and loses puck.
18:27 of 2nd period - Fredrik Olofsson is hit by Dominik Simon and loses puck.
18:34 of 2nd period - Wrist shot by Ondrej Kase.
18:34 of 2nd period - Shot Blocked by Damon Severson.
18:36 of 2nd period - Snap shot by Andrew Gordon.
18:36 of 2nd period - Shot Misses the Net.
19:12 of 2nd period - Snap shot by Ryan Fitzgerald.
19:12 of 2nd period - Stopped by Laurent Brossoit with a rebound.
19:22 of 2nd period - Snap shot by Bobby Farnham.
19:22 of 2nd period - Shot Blocked by Jakub Zboril.
Goals for this period are 1 for Wolfes vs 0 for River Frogs.
Shots for this period are 6 for Wolfes vs 9 for River Frogs.
3rd period
0:01 of 3rd period - Christian Hanson wins face-off versus Sebastian Aho in neutral zone.
0:05 of 3rd period - Off-side.
0:06 of 3rd period - Christian Hanson wins face-off versus Lawson Crouse in neutral zone.
0:28 of 3rd period - Shea Theodore is hit by Lawson Crouse and loses puck.
1:15 of 3rd period - Alexandre Grenier is hit by Emerson Etem and loses puck.
1:20 of 3rd period - Snap shot by Shea Theodore.
1:20 of 3rd period - Stopped by Laurent Brossoit without a rebound.
1:21 of 3rd period - Martin Hanzal wins face-off versus Ondrej Kase in Wolfes zone.
1:44 of 3rd period - Icing by David Kolomatis.
1:45 of 3rd period - Kyle Rau wins face-off versus Ryan Fitzgerald in River Frogs zone.
1:52 of 3rd period - Victor Olofsson is hit by Austin Watson and loses puck.
1:57 of 3rd period - Snap shot by Ryan Fitzgerald.
1:57 of 3rd period - Shot Misses the Net.
1:59 of 3rd period - Snap shot by Bobby Farnham.
1:59 of 3rd period - Shot Misses the Net.
2:01 of 3rd period - Slapshot by Austin Watson.
2:01 of 3rd period - Shot Blocked by Jakub Zboril.
2:37 of 3rd period - Wrist shot by Joakim Nordstrom.
2:37 of 3rd period - Stopped by Laurent Brossoit with a rebound.
2:54 of 3rd period - Austin Watson is hit by Lawson Crouse and loses puck.
3:20 of 3rd period - Icing by Dillon Heatherington.
3:21 of 3rd period - Sebastian Aho wins face-off versus Dominik Simon in River Frogs zone.
3:24 of 3rd period - Snap shot by Kyle Rau.
3:24 of 3rd period - Goal by Kyle Rau - Wolfes : 4 - River Frogs : 0.
3:24 of 3rd period - Eric Comrie enters game.
3:25 of 3rd period - Emerson Etem wins face-off versus Sebastian Aho in neutral zone.
3:50 of 3rd period - Justin Florek is hit by Martin Hanzal.
3:56 of 3rd period - Snap shot by Martin Hanzal.
3:56 of 3rd period - Shot Blocked by Shea Theodore.
4:09 of 3rd period - Off-side.
4:10 of 3rd period - Kyle Rau wins face-off versus Ryan Fitzgerald in neutral zone.
4:37 of 3rd period - Alexandre Grenier is hit by Morgan Rielly and loses puck.
4:43 of 3rd period - Off-side.
4:44 of 3rd period - Christian Hanson wins face-off versus Matthew Highmore in neutral zone.
5:06 of 3rd period - Icing by Lawson Crouse.
5:07 of 3rd period - Dominik Simon wins face-off versus Martin Hanzal in Wolfes zone.
5:08 of 3rd period - Wrist shot by Justin Florek.
5:08 of 3rd period - Deflect By Ondrej Kase.
5:08 of 3rd period - Stopped by Laurent Brossoit without a rebound.
5:09 of 3rd period - Martin Hanzal wins face-off versus Dominik Simon in Wolfes zone.
5:16 of 3rd period - Slapshot by Martin Hanzal.
5:16 of 3rd period - Shot Misses the Net.
5:19 of 3rd period - Icing by David Kolomatis.
5:20 of 3rd period - Dominik Simon wins face-off versus Sebastian Aho in River Frogs zone.
6:39 of 3rd period - Snap shot by Austin Watson.
6:39 of 3rd period - Stopped by Laurent Brossoit with a rebound.
6:41 of 3rd period - Wrist shot by Austin Watson.
6:41 of 3rd period - Shot Misses the Net.
6:43 of 3rd period - Snap shot by Morgan Rielly.
6:43 of 3rd period - Shot Misses the Net.
6:45 of 3rd period - Wrist shot by Ryan Fitzgerald.
6:45 of 3rd period - Goal by Ryan Fitzgerald - Wolfes : 4 - River Frogs : 1.
6:46 of 3rd period - Christian Hanson wins face-off versus Sebastian Aho in neutral zone.
6:49 of 3rd period - Slapshot by Shea Theodore.
6:49 of 3rd period - Stopped by Laurent Brossoit without a rebound.
6:50 of 3rd period - Christian Hanson wins face-off versus Sebastian Aho in Wolfes zone.
6:51 of 3rd period - Wrist shot by Shea Theodore.
6:51 of 3rd period - Shot Misses the Net.
7:25 of 3rd period - Wrist shot by Ondrej Kase.
7:25 of 3rd period - Shot Misses the Net.
7:50 of 3rd period - Snap shot by Kyle Rau.
7:50 of 3rd period - Stopped by Eric Comrie with a rebound.
8:02 of 3rd period - Backhand shot by Maxim Mamin.
8:02 of 3rd period - Shot Blocked by Michael Stone.
8:04 of 3rd period - Slapshot by Dillon Heatherington.
8:04 of 3rd period - Shot Blocked by Jeffrey Foss.
8:06 of 3rd period - Snap shot by Joakim Nordstrom.
8:06 of 3rd period - Stopped by Laurent Brossoit with a rebound.
8:08 of 3rd period - Slapshot by Maxim Mamin.
8:08 of 3rd period - Stopped by Laurent Brossoit without a rebound.
8:09 of 3rd period - Martin Hanzal wins face-off versus Christian Hanson in Wolfes zone.
8:09 of 3rd period - Martin Hanzal is hit by Morgan Rielly.
8:35 of 3rd period - Justin Florek is hit by Lawson Crouse and loses puck.
9:18 of 3rd period - Nikita Zadorov is hit by Thomas Spelling and loses puck.
9:46 of 3rd period - Shea Theodore is hit by Fredrik Olofsson and loses puck.
9:57 of 3rd period - Wrist shot by Alexandre Grenier.
9:57 of 3rd period - Shot Blocked by Shea Theodore.
11:02 of 3rd period - Snap shot by Kyle Rau.
11:02 of 3rd period - Stopped by Eric Comrie without a rebound.
11:03 of 3rd period - Kyle Rau wins face-off versus Christian Hanson in River Frogs zone.
11:04 of 3rd period - Slapshot by Joe Morrow.
11:04 of 3rd period - Stopped by Eric Comrie with a rebound.
12:09 of 3rd period - Snap shot by Thomas Spelling.
12:09 of 3rd period - Shot Misses the Net.
12:15 of 3rd period - Slapshot by Emerson Etem.
12:15 of 3rd period - Shot Blocked by Lawson Crouse.
12:17 of 3rd period - Snap shot by Dillon Heatherington.
12:17 of 3rd period - Shot Blocked by Jeffrey Foss.
12:19 of 3rd period - Wrist shot by Emerson Etem.
12:19 of 3rd period - Deflect By Jeffrey Foss.
12:19 of 3rd period - Stopped by Laurent Brossoit without a rebound.
12:20 of 3rd period - Dominik Simon wins face-off versus Martin Hanzal in Wolfes zone.
12:35 of 3rd period - Slapshot by Dominik Simon.
12:35 of 3rd period - Shot Misses the Net.
13:40 of 3rd period - Ondrej Kase is hit by Damon Severson and loses puck.
14:33 of 3rd period - Wrist shot by Mitch Marner.
14:33 of 3rd period - Stopped by Laurent Brossoit with a rebound.
14:35 of 3rd period - Wrist shot by Maxim Mamin.
14:35 of 3rd period - Shot Misses the Net.
14:37 of 3rd period - Wrist shot by Mitch Marner.
14:37 of 3rd period - Stopped by Laurent Brossoit with a rebound.
14:39 of 3rd period - Snap shot by Mitch Marner.
14:39 of 3rd period - Stopped by Laurent Brossoit with a rebound.
14:49 of 3rd period - Wrist shot by Kyle Rau.
14:49 of 3rd period - Shot Misses the Net.
14:51 of 3rd period - Snap shot by Martin Hanzal.
14:51 of 3rd period - Stopped by Eric Comrie without a rebound.
14:52 of 3rd period - Martin Hanzal wins face-off versus Ryan Fitzgerald in River Frogs zone.
14:53 of 3rd period - Snap shot by Max Friberg.
14:53 of 3rd period - Stopped by Eric Comrie without a rebound.
14:54 of 3rd period - Martin Hanzal wins face-off versus Christian Hanson in River Frogs zone.
14:55 of 3rd period - Snap shot by Max Friberg.
14:55 of 3rd period - Goal by Max Friberg - Wolfes : 5 - River Frogs : 1.
14:56 of 3rd period - Christian Hanson wins face-off versus Sebastian Aho in neutral zone.
14:56 of 3rd period - Christian Hanson is hit by Lawson Crouse.
15:04 of 3rd period - Icing by Sebastian Aho.
15:05 of 3rd period - Christian Hanson wins face-off versus Sebastian Aho in Wolfes zone.
16:05 of 3rd period - Snap shot by Sebastian Aho.
16:05 of 3rd period - Goal by Sebastian Aho - Wolfes : 6 - River Frogs : 1.
16:06 of 3rd period - Martin Hanzal wins face-off versus Dominik Simon in neutral zone.
16:28 of 3rd period - Icing by Louis Belpedio.
16:29 of 3rd period - Kyle Rau wins face-off versus Ryan Fitzgerald in Wolfes zone.
16:40 of 3rd period - Wrist shot by Kyle Rau.
16:40 of 3rd period - Shot Misses the Net.
16:52 of 3rd period - Minor Penalty to Shea Theodore for Slashing.
16:53 of 3rd period - Sebastian Aho wins face-off versus Emerson Etem in River Frogs zone.
17:58 of 3rd period - Icing by Joe Morrow.
17:59 of 3rd period - Max Friberg wins face-off versus Emerson Etem in Wolfes zone.
18:18 of 3rd period - Morgan Rielly is hit by Sebastian Aho.
18:52 of 3rd period - Penalty to Shea Theodore is over, Shea Theodore is back on ice.
18:56 of 3rd period - Matt Grzelcyk is hit by Kyle Rau and loses puck.
19:39 of 3rd period - Wrist shot by Mitch Marner.
19:39 of 3rd period - Stopped by Laurent Brossoit without a rebound.
19:40 of 3rd period - Martin Hanzal wins face-off versus Maxim Mamin in Wolfes zone.
19:40 of 3rd period - Martin Hanzal is hit by Mitch Marner.
Goals for this period are 3 for Wolfes vs 1 for River Frogs.
Shots for this period are 8 for Wolfes vs 13 for River Frogs.